 Dungeon Sprint DCSS version 0.29-a0-275-g389c0b56f3 (webtiles) character file.

Game seed: 8338227060139280536

690 bromine the Basher (level 7, 0/79 HPs)
             Began as a Troll Berserker on Mar 11, 2022.
             Was an Elder of Trog.
             Slain by a hornet (5 damage)
             ... in the Dungeon (Sprint IX: "|||||||||||||||||||||||||||||").
             The game lasted 00:02:32 (436 turns).

bromine the Basher (Troll Berserker)                 Turns: 436, Time: 00:02:32

Health: 0/79       AC:  6    Str: 28    XL:     7   Next: 36%
Magic:  6/6        EV: 12    Int:  3    God:    Trog [****..]
Gold:   0          SH:  0    Dex: 12    Spells: 6/6 levels left

rFire   . . .      SeeInvis .   r - +2 scimitar (holy)
rCold   . . .      Faith    .   (no shield)
rNeg    . . .      Spirit   .   b - +0 animal skin
rPois   .          Reflect  .   (helmet restricted)
rElec   .          Harm     .   (no cloak)
rCorr   .          Rampage  .   (gloves unavailable)
Will    .....      NoTele   +   (boots unavailable)
Stlth   +.........              (no amulet)
HPRegen 1.03/turn               k - +3 ring of dexterity
MPRegen 0.10/turn               l - +2 ring of protection

@: slowed, very slow
A: large, unfitting armour, claws 3, regeneration 1, shaggy fur 1, tough skin 1
a: Renounce Religion, Berserk, Trog's Hand, Brothers in Arms


You were in the Dungeon.
You worshipped Trog.
Trog was greatly pleased with you.
You visited 1 branch

Inventory:

Hand Weapons
 a - a +0 mace
 n - a +2 vorpal dire flail
 o - a +2 halberd of protection
 p - a +0 lajatang
 q - a +2 rapier of draining
 r - a +2 scimitar of holy wrath (weapon)
 s - a +3 vorpal war axe
Armour
 b - a +0 animal skin (worn)
 t - a +1 chain mail
Jewellery
 k - a +3 ring of dexterity (left claw)
 l - a +2 ring of protection (right claw)
Wands
 j - a wand of iceblast (10)
Scrolls
 h - 2 scrolls of blinking
 m - 2 scrolls of amnesia
Potions
 c - 5 potions of curing
 e - a potion of haste
 f - 4 potions of magic
 g - a potion of berserk rage
 i - a potion of invisibility


   Skills:
 + Level 7.9 Fighting
 + Level 3.7 Long Blades
 + Level 8.9 Maces & Flails
 + Level 7.6 Dodging
 + Level 0.3 Stealth


You had 6 spell levels left.
You didn't know any spells.
Your spell library was empty.

Dungeon Overview and Level Annotations

Branches:
Dungeon (1/1)

Altars:
Cheibriados
Dithmenos
Elyvilon
Fedhas
Gozag
Hepliaklqana
Kikubaaqudgha
Makhleb
Nemelex Xobeh
Okawaru
Qazlal
Ru
Sif Muna
Trog
Uskayaw
Vehumet
Wu Jian
Xom
Yredelemnul
Zin
The Shining One
Beogh
Jiyva
Lugonu


Innate Abilities, Weirdness & Mutations

You are too large for most types of armour.
You have claws for hands.
Your natural rate of healing is unusually fast.
You are covered in fur. (AC +1)
You have tough skin. (AC +1)


Message History

You feel as though you will be slow longer.
The hornet stings you but does no damage.
The hornet closely misses you.
You miss the hornet. The hornet stings you!
You are poisoned.
You feel as though you will be slow longer.
The hornet stings you but does no damage.
You hit the hornet but do no damage. Your claw misses the hornet.
You feel very sick. The hornet barely misses you. The hornet stings you.
You feel as though you will be slow longer.
The hornet misses you.
The yak snorts and paws the ground.
You barely miss the hornet.
You feel very sick. The hornet closely misses you. x3
You closely miss the hornet.
You feel sick. The hornet stings you!
* * * LOW HITPOINT WARNING * * *
You feel as though you will be slow longer.
The hornet stings you but does no damage.
The hornet stings you!
* * * LOW HITPOINT WARNING * * *
You feel as though you will be slow longer.
Blink to where?
Press: ? - help, Dir - move target
Okay, then.
You hit the hornet.
The hornet is lightly wounded.
You feel sick.
The hornet stings you but does no damage.
The hornet barely misses you.
You hit the hornet.
The hornet is moderately wounded.
You feel sick.
You are no longer poisoned.
The hornet stings you.
* * * LOW HITPOINT WARNING * * *
You feel as though you will be slow longer.
The hornet stings you.
You die...

▓.▓
▓.▓
▓.▓
▓.▓
▓[▓
▓[▓
▓.▓
▓.▓
▓@▓
▓y▓
▓Y▓
▓.▓
▓.▓
▓.▓
▓.▓
▓.▓


You could see a yak and a hornet.

Vanquished Creatures
  A wraith (D)
  A wyvern (D)
  A sky beast (D)
  An ogre (D)
  2 centaurs (D)
  2 iguanas (D)
  An orc (D)
  3 endoplasms (D)
  A kobold (D)
  A rat (D)
14 creatures vanquished.

Notes
Turn   | Place    | Note
-------+----------+-------------------------------------------
     0 | D        | bromine the Troll Berserker began the quest for the Orb.
     0 | D        | Reached XP level 1. HP: 22/22 MP: 0/0
    12 | D        | Reached skill level 3 in Maces & Flails
    12 | D        | Reached ** piety under Trog
    24 | D        | Noticed an iguana
    24 | D        | Noticed a sky beast
    24 | D        | Noticed an ogre
    24 | D        | Noticed an iguana
    26 | D        | Killed an iguana
    27 | D        | Reached skill level 4 in Maces & Flails
    27 | D        | Reached XP level 2. HP: 32/32 MP: 1/1
    27 | D        | Reached XP level 3. HP: 39/39 MP: 2/2
    30 | D        | Killed a sky beast
    30 | D        | Reached *** piety under Trog
    31 | D        | Reached skill level 5 in Fighting
    31 | D        | Reached skill level 5 in Maces & Flails
    31 | D        | Reached skill level 5 in Dodging
    31 | D        | Reached XP level 4. HP: 47/50 MP: 3/3
    37 | D        | Killed an ogre
    38 | D        | Reached skill level 6 in Maces & Flails
    38 | D        | Reached XP level 5. HP: 31/59 MP: 4/4
    56 | D        | Reached skill level 7 in Maces & Flails
   313 | D        | Found a snail-covered altar of Cheibriados.
   313 | D        | Found a shadowy altar of Dithmenos.
   313 | D        | Found a white marble altar of Elyvilon.
   313 | D        | Found a blossoming altar of Fedhas.
   313 | D        | Found an opulent altar of Gozag.
   314 | D        | Found a hazy altar of Hepliaklqana.
   315 | D        | Found a viscous altar of Jiyva.
   316 | D        | Found an ancient bone altar of Kikubaaqudgha.
   317 | D        | Found a corrupted altar of Lugonu.
   318 | D        | Found a burning altar of Makhleb.
   319 | D        | Found a sparkling altar of Nemelex Xobeh.
   320 | D        | Found an iron altar of Okawaru.
   321 | D        | Found a stormy altar of Qazlal.
   322 | D        | Found a sacrificial altar of Ru.
   323 | D        | Found a shimmering blue altar of Sif Muna.
   324 | D        | Found a bloodstained altar of Trog.
   325 | D        | Found a hide-covered altar of Uskayaw.
   326 | D        | Found a radiant altar of Vehumet.
   327 | D        | Found an ornate altar of the Wu Jian Council.
   328 | D        | Found a shimmering altar of Xom.
   329 | D        | Found a basalt altar of Yredelemnul.
   330 | D        | Found a glowing silver altar of Zin.
   331 | D        | Found a glowing golden altar of the Shining One.
   387 | D        | Noticed a wyvern
   387 | D        | Noticed a centaur
   387 | D        | Noticed a wraith
   387 | D        | Noticed a centaur
   387 | D        | Noticed a hornet
   387 | D        | Noticed a yak
   395 | D        | Killed a wyvern
   395 | D        | Reached **** piety under Trog
   396 | D        | Reached skill level 1 in Long Blades
   396 | D        | Reached skill level 8 in Maces & Flails
   396 | D        | Reached XP level 6. HP: 47/71 MP: 5/5
   421 | D        | Killed a wraith
   422 | D        | Reached XP level 7. HP: 32/79 MP: 6/6
   436 | D        | Slain by a hornet

Illustrated notes

Levels and vault maps discovered:
D:        linesprint [early_d, line_temple, items_1, d_10, items_2, lair_1,
          lair_end, items_3, orc_1, orc_end, items_4, d_15, swamp_1, shoals_1,
          snake_1, spider_1, d_20, vaults_1, items_5, swamp_end, shoals_end,
          snake_end, spider_end, vaults_end, d_27, items_6, zot_1, zot_end,
          crypt_end, forest_end, elf_end, slime_end, tomb_end, abyss_end,
          pan_hell_end]

Skill      XL: |  1  2  3  4  5  6 |
---------------+-------------------+-----
Maces & Flails | 4 5 6 8 |  8.9
Fighting       | 3 5 6 7 |  7.9
Dodging        | 3 5 6 7 |  7.6
Long Blades    | 1 3 |  3.7
Stealth        | |  0.3

Action                   |  1- 3 |  4- 6 |  7- 9 || total
-------------------------+-------+-------+-------++-------
Melee: Mace              |    17 |    24 |       ||    41
       Punch             |     1 |     1 |     1 ||     3
       Scimitar          |       |    32 |    14 ||    46
Invok: Berserk           |     1 |       |       ||     1
  Use: Potion            |       |     2 |     1 ||     3
Armor: Animal skin       |     2 |     9 |    13 ||    24
Dodge: Dodged            |     7 |    47 |    24 ||    78

Table legend: (Time is in decaauts)
 A = Elapsed time spent in this place.
 B = Non-inter-level travel time spent in this place.
 C = Inter-level travel time spent in this place.
 D = Time resting spent in this place.
 E = Time spent auto-exploring this place.
 F = Levels seen in this place.
 G = Mean time per level.
                   A        B        C        D        E       F      G
               +--------+--------+--------+--------+--------+-----+--------+
         Total |    481 |    481 |      0 |    237 |      0 |   1 |  481.0 |
       Dungeon |    481 |    481 |      0 |    237 |      0 |   1 |  481.0 |
               +--------+--------+--------+--------+--------+-----+--------+

Top non-repeatable levels by time:
       D: 481 daAuts
